 Dungeon Crawl Stone Soup version 0.29-a0-451-gfbfa42419e (console) character file.

Game seed: 17364449844665623355

3 jejorda2 the Skirmisher (level 1, -1/18 HPs)
             Began as a Merfolk Fighter on May 19, 2022.
             Succumbed to a kobold's poison
             ... on level 1 of the Dungeon.
             The game lasted 00:00:24 (29 turns).

jejorda2 the Skirmisher (Merfolk Fighter)             Turns: 29, Time: 00:00:25

Health: -1/18      AC:  6    Str: 16    XL:     1   Next: 50%
Magic:  1/1        EV:  8    Int:  7    God:
Gold:   0          SH:  4    Dex: 13    Spells: 0/0 levels left

rFire   . . .      SeeInvis .   a - +0 trident
rCold   . . .      Faith    .   c - +0 buckler
rNeg    . . .      Spirit   .   b - +0 scale mail
rPois   .          Reflect  .   (no helmet)
rElec   .          Harm     .   (no cloak)
rCorr   .          Rampage  .   (no gloves)
Will    .....                   (no boots)
Stlth   ..........              (no amulet)
HPRegen 0.06/turn               (no ring)
MPRegen 0.07/turn               (no ring)

@: lethally poisoned (-1 -> -9)
A: (nimble swimmer 2), mertail
a: no special abilities


You were on level 1 of the Dungeon.
You visited 1 branch of the dungeon, and saw 1 of its levels.

Inventory:

Hand Weapons
 a - a +0 trident (weapon)
Armour
 b - a +0 scale mail (worn)
 c - a +0 buckler (worn)
Potions
 d - a potion of might


   Skills:
 + Level 3.3 Fighting
 * Level 3.0 Polearms
 + Level 2.2 Armour
 - Level 3.0 Shields


You couldn't memorise any spells.
You didn't know any spells.
Your spell library was empty.

Dungeon Overview and Level Annotations

Branches:
Dungeon (1/15)

Altars:


Innate Abilities, Weirdness & Mutations

((You are very nimble when in or above water. (Stealth+, EV+, Speed+++)))
Your lower body shifts to a powerful aquatic tail in water.


Message History

You puncture the rat!
You kill the rat!
No target in view!
Found a robe.
Found 6 javelins.
A ball python and a kobold come into view.
The kobold is wielding a +2 dagger of venom.
Found 22 stones.
Found a stone staircase leading down.
The kobold shouts!
Found 9 gold pieces.
You hit the ball python.
You kill the ball python!
The kobold throws a stone.
The stone hits you but does no damage.
You reach to attack!
You barely miss the kobold. You barely miss the kobold.
The kobold hits you but does no damage.
You are poisoned.
You hit the kobold.
The kobold is moderately wounded.
You feel very sick. The kobold hits you but does no damage.
You are more poisoned.
You hit the kobold.
The kobold is severely wounded.
You feel very sick. The kobold hits you but does no damage.
You are lethally poisoned!
The kobold hits you with a +2 dagger of venom.
You are too injured to fight recklessly!
You are too injured to fight recklessly!
You hit the kobold.
You kill the kobold!
* * * LOW HITPOINT WARNING * * *
You feel very sick.
Your Polearms skill increases to level 3!
Unknown command.
Okay, then.
* * * LOW HITPOINT WARNING * * *
You feel sick.
Items here: ( ) †.
You die...

.......$## #
#..>..(..
.##.......##
..........#
#........## #
#......$..#.......
#.(.......#........
#...@)..#.........[
#........#.......##
#......#.##.......##
#......#..#........#
#########..........##
#...........#
##...)...#..#
###.....#...
##........


There were no monsters in sight!

Vanquished Creatures
  An endoplasm (D:1)
  A ball python (D:1)
  A kobold (D:1)
  A rat (D:1)
4 creatures vanquished.

Notes
Turn   | Place    | Note
-------+----------+-------------------------------------------
     0 | D:1      | jejorda2 the Merfolk Fighter began the quest for the Orb.
     0 | D:1      | Reached XP level 1. HP: 18/18 MP: 1/1
    29 | D:1      | Succumbed to a kobold's poison

Illustrated notes

Levels and vault maps discovered:
D:1:      dpeg_arrival_long_road, layout_rooms

Skill      XL: |  1 |
---------------+----+-----
Polearms       | 3 |  3.0
Fighting       | |  3.3
Armour         | |  2.2
Shields        | |  3.0

Action                   || total
-------------------------++-------
Melee: Trident           ||    11
Armor: Scale mail        ||     5
Dodge: Dodged            ||     1
Block: Buckler           ||     1

Table legend: (Time is in decaauts)
 A = Elapsed time spent in this place.
 B = Non-inter-level travel time spent in this place.
 C = Inter-level travel time spent in this place.
 D = Time resting spent in this place.
 E = Time spent auto-exploring this place.
 F = Levels seen in this place.
 G = Mean time per level.
                   A        B        C        D        E       F      G
               +--------+--------+--------+--------+--------+-----+--------+
         Total |     31 |     31 |      0 |      0 |      9 |   1 |   31.0 |
       Dungeon |     31 |     31 |      0 |      0 |      9 |   1 |   31.0 |
               +--------+--------+--------+--------+--------+-----+--------+

Top non-repeatable levels by time:
     D:1: 31 daAuts
